 Dungeon Crawl Stone Soup version 0.21.1-1-g345015f (webtiles) character file.

37555 LairdRich the Severer (level 13, -9/122 HPs)
             Began as a Minotaur Berserker on June 24, 2018.
             Was the Champion of Trog.
             Mangled by a death yak (18 damage)
             ... on level 6 of the Lair of Beasts on July 2, 2018.
             The game lasted 01:07:45 (19781 turns).

LairdRich the Severer (Minotaur Berserker)         Turns: 19781, Time: 01:07:46

Health: -9/122     AC: 15    Str: 21    XL:     13   Next: 59%
Magic:  12/12      EV:  9    Int:  4    God:    Trog [******]
Gold:   963        SH: 18    Dex: 16    Spells: 12/12 levels left

rFire    . . .     SeeInvis .   a - +4 broad axe (chop)
rCold    . . .     Gourm    +   q - +0 large shield
rNeg     + . .     Faith    .   t - +1 ring mail {rPois}
rPois    +         Spirit   .   (helmet restricted)
rElec    .         Reflect  .   R - +0 cloak
rCorr    +         Harm     .   N - +0 pair of gloves
MR       .....                  M - +2 pair of boots
Stlth    +.........             T - amulet of the gourmand
HPRegen  0.30/turn              O - ring of resist corrosion
MPRegen  0.13/turn              l - ring of positive energy

@: berserk cooldown, slowed, very slow
A: retaliatory headbutt, horns 2
a: Berserk, Trog's Hand, Brothers in Arms, Burn Spellbooks, Renounce Religion


You were on level 6 of the Lair of Beasts.
You worshipped Trog.
Trog was exalted by your worship.
You were very full.

You visited 2 branches of the dungeon, and saw 17 of its levels.
You also visited: Ossuary.

You collected 1054 gold pieces.
You spent 91 gold pieces at shops.

Inventory:

Hand Weapons
 a - a +4 broad axe of chopping (weapon)
 b - the +8 mace of the Crushed Friends {venom, rElec rN+}
   (You found it on level 6 of the Dungeon)

   It poisons the flesh of those it strikes.
   It insulates you from electricity.
   It protects you from negative energy.
 n - a +2 hand axe of flaming
Missiles
 I - 15 tomahawks (quivered)
Armour
 q - a +0 large shield (worn)
 t - a +1 ring mail of poison resistance (worn)
 M - a +2 pair of boots (worn)
 N - a +0 pair of gloves (worn)
 R - a +0 cloak (worn)
Jewellery
 l - a ring of positive energy (right hand)
 O - a ring of resist corrosion (left hand)
 T - an amulet of the gourmand (around neck)
 Y - an uncursed ring of positive energy
Wands
 u - a wand of disintegration (14)
 w - a wand of iceblast (21)
 y - a wand of polymorph (10)
 F - a wand of enslavement (24)
 P - a wand of paralysis (19)
 S - a wand of acid (9)
 W - a wand of flame (49)
 X - a wand of random effects (34)
Scrolls
 c - 2 scrolls of fog
 d - a scroll of noise
 f - 7 scrolls of remove curse
 j - 10 scrolls of teleportation
 k - 12 scrolls of identify
 x - 3 scrolls of fear
 D - a scroll of blinking
 G - 5 scrolls of enchant weapon
 H - 2 scrolls of magic mapping
 J - a scroll of silence
 K - 5 scrolls of enchant armour
Potions
 g - 10 potions of curing
 h - 4 potions of invisibility {unknown}
 i - 6 potions of heal wounds {unknown}
 o - 2 potions of cancellation {unknown}
 p - 3 potions of brilliance {unknown}
 r - a potion of magic {unknown}
 s - 3 potions of haste {unknown}
 v - 3 potions of ambrosia {unknown}
 z - a potion of mutation {unknown}
 B - 2 potions of agility {unknown}
 C - 7 potions of degeneration {unknown}
 E - 3 potions of flight {unknown}
 L - 4 potions of might {unknown}
 Q - 2 potions of experience {unknown}
 U - a potion of resistance
 V - a potion of berserk rage {unknown}
Books
 m - a book of Changes

   Spells                             Type                      Level
   a - Beastly Appendage              Transmutation                1
   b - Sticks to Snakes               Transmutation                2
   c - Spider Form                    Transmutation/Poison         3
   d - Ice Form                       Ice/Transmutation            4
   e - Blade Hands                    Transmutation                5
   Trog disapproves of the use of such an item.
Comestibles
 e - 35 rations
 A - 4 chunks of flesh


   Skills:
 + Level 13.0 Fighting
 * Level 17.3 Axes
 + Level 12.8 Armour
 - Level 2.1 Dodging
 + Level 11.8 Shields


You had 12 spell levels left.
You didn't know any spells.

Dungeon Overview and Level Annotations

Branches:
Dungeon (11/15)            Temple (0/1) D:4            Lair (6/6) D:10
 Shoals (0/4) Lair:3        Snake (0/4) Lair:3        Slime (0/5) Lair:5
    Orc: D:9-12

Altars:
Ashenzari
Cheibriados
Elyvilon
Fedhas
Gozag
Kikubaaqudgha
Makhleb
Qazlal
Ru
Trog
Wu Jian
Jiyva

Shops:
D:5 =   D:6 ?   D:9 *

Annotations:
Lair:3 exclusion: oklob plant
Lair:5 exclusion: 3 oklob plants


Innate Abilities, Weirdness & Mutations

You reflexively headbutt those who attack you in melee.
You have a pair of horns on your head.


Message History

The blast of calcifying dust hits you!
The blast of calcifying dust hits the plant.
The death yak gores you!
* * * LOW HITPOINT WARNING * * *
You feel better.
You are engulfed in calcifying dust.
The plant is engulfed in calcifying dust.
The death yak gores you but does no damage.
You block the catoblepas's attack. The death yak gores you.
* * * LOW HITPOINT WARNING * * *
The plant is engulfed in calcifying dust.
The plant turns to stone!
The catoblepas gores you but does no damage.
The death yak gores you!
* * * LOW HITPOINT WARNING * * *
The catoblepas breathes a plume of calcifying dust at you.
The blast of calcifying dust hits you!
The plant is engulfed in calcifying dust.
The death yak is engulfed in calcifying dust.
The death yak is moving more slowly.
The death yak gores you!!
You die...

.............................#
........##.#.#####....#....###
........###### #######....#
........## ##..### .........# ##*
### ###....# ........## #.####§#
#...÷..# .........# #...#P§##
##...P## .......P.####....§.#
#....##
.......PP...#...@§÷####.P..###
.........P...§§PYYY.##......P#
P.#.#....P.##........###....#####
#.##.#####,*##.........##..###.P.
###*### ***##÷.P.......####....P
#####.# ### #..P.......÷..†YY....
#.#...###.####...........##...♣.Y
........#.P...##.P.....########.♣
...............##.÷..P## ***,###


You could see 2 death yaks and a catoblepas.

Vanquished Creatures
  Josephine (D:10)
  2 hydras
  3 two-headed ogres
  3 death yaks
  A queen ant (D:10)
  The ghost of sking99 the Martial Artist, a novice DsMo of Makhleb (D:9)
  Pikel (D:8)
  A manticore (D:11)
  Joseph (D:10)
  3 elephants (Lair:6)
  Maurice (D:8)
  2 black mambas
  9 spiny frogs
  A gargoyle (D:10)
  A torpor snail (Lair:5)
  A centaur skeleton (D:10)
  4 komodo dragons
  A rime drake (Lair:6)
  A troll (D:10)
  A queen bee (Lair:3)
  2 polar bears
  Prince Ribbit (D:8)
  2 hornets (D:11)
  24 blink frogs
  6 hippogriffs
  A wyvern (D:10)
  The ghost of LairdRich the Chopper, an amateur MiBe of Trog (D:3)
  5 wraiths (D:10)
  10 yaks
  13 soldier ants
  2 wargs (D:10)
  4 nagas (Lair:3)
  6 water moccasins
  An eye of draining (D:10)
  3 orc warriors
  8 porcupines
  An ice beast (D:6)
  3 sky beasts
  A phantom (D:10)
  5 black bears
  2 necrophages
  6 ogres
  4 wolves (Lair:6)
  6 centaurs
  7 crocodiles
  16 bullfrogs
  3 big kobolds
  A gnoll sergeant (D:7)
  6 scorpions
  32 killer bees
  The ghost of iamserjio the Sneak, a weakling GnAs of Cheibriados (D:4)
  9 wights (D:8)
  A howler monkey (D:5)
  3 electric eels
  2 crimson imps
  3 centaur zombies
  2 bullfrog zombies
  5 hounds
  14 orc wizards
  A gnoll shaman (D:6)
  2 human zombies (Ossuary)
  6 orc priests
  2 jellies
  A bullfrog skeleton (D:4)
  Crazy Yiuf (D:6)
  3 iguanas
  38 worker ants
  3 big kobold zombies (Ossuary)
  A hound skeleton (D:8)
  3 mummies (Ossuary)
  8 gnolls
  12 adders
  2 shadow imps (D:11)
  An ooze (D:1)
  An adder zombie (D:6)
  2 adder skeletons
  6 worms
  5 leopard geckos
  48 orcs
  5 giant cockroaches
  5 goblins
  5 hobgoblins
  3 jackals (D:3)
  5 quokkas
  3 ball pythons
  4 frilled lizards
  A jackal skeleton (D:7)
  A jackal zombie (D:7)
  19 kobolds
  A kobold zombie (Ossuary)
  2 leopard gecko skeletons
  A leopard gecko zombie (D:7)
  9 rats
  2 fungi
  A plant (Lair:6)
474 creatures vanquished.

Vanquished Creatures (collateral kills)
  Snorg (Lair:5)
1 creature vanquished.

Vanquished Creatures (others)
  A human (D:6)
  2 fungi
  5 plants
8 creatures vanquished.

Grand Total: 483 creatures vanquished

Notes
Turn   | Place    | Note
-------+----------+-------------------------------------------
     0 | D:1      | LairdRich the Minotaur Berserker began the quest for the Orb.
     0 | D:1      | Reached XP level 1. HP: 19/19 MP: 0/0
   144 | D:1      | Reached skill level 4 in Axes
   150 | D:1      | Reached XP level 2. HP: 22/27 MP: 1/1
   840 | D:2      | Found a faded altar of an unknown god.
   861 | D:2      | Reached XP level 3. HP: 9/33 MP: 2/2
  1598 | D:3      | Reached ** piety under Trog
  1598 | D:3      | Reached XP level 4. HP: 34/40 MP: 3/3
  1614 | D:3      | Reached skill level 5 in Axes
  1648 | D:3      | Found a shattered altar of Ashenzari.
  1677 | D:3      | Noticed LairdRich's ghost (amateur MiBe)
  1684 | D:3      | Killed LairdRich's ghost
  1684 | D:3      | Reached skill level 5 in Fighting
  1684 | D:3      | Reached skill level 6 in Axes
  1684 | D:3      | Reached XP level 5. HP: 48/48 MP: 4/4
  1684 | D:3      | Reached XP level 6. HP: 56/56 MP: 5/5
  2189 | D:3      | Found a blossoming altar of Fedhas.
  2191 | D:3      | Found a stormy altar of Qazlal.
  2866 | D:4      | Reached skill level 7 in Axes
  3096 | D:4      | Noticed iamserjio's ghost (weakling GnAs)
  3109 | D:4      | Killed iamserjio's ghost
  3220 | D:4      | Reached skill level 5 in Armour
  3220 | D:4      | Reached XP level 7. HP: 59/62 MP: 6/6
  3322 | D:4      | Found a staircase to the Ecumenical Temple.
  3562 | D:4      | Found a burning altar of Makhleb.
  3562 | D:4      | Noticed a balrug
  3621 | D:5      | Entered Level 5 of the Dungeon
  3682 | D:5      | Reached skill level 1 in Shields
  3924 | D:5      | Reached skill level 8 in Axes
  4111 | D:5      | Found a sand-covered staircase.
  4122 | Ossuary  | Entered an ossuary
  4253 | Ossuary  | Reached *** piety under Trog
  4450 | Ossuary  | Reached XP level 8. HP: 70/71 MP: 7/7
  4620 | D:5      | Found a white marble altar of Elyvilon.
  4923 | D:5      | Reached skill level 9 in Axes
  5042 | D:5      | Found Aleed's Jewellery Boutique.
  5417 | D:6      | Noticed a hippogriff
  5432 | D:6      | Killed a hippogriff
  5785 | D:6      | Found the +5 demon whip "Spellbinder" {antimagic, MR+}
  5786 | D:6      | Reached skill level 10 in Axes
  5792 | D:6      | Reached XP level 9. HP: 69/79 MP: 8/8
  6008 | D:6      | Found an opulent altar of Gozag.
  6146 | D:6      | Found Uqasur Ynnu's Magic Scroll Shop.
  6274 | D:6      | Reached skill level 5 in Shields
  6500 | D:6      | Found an ancient bone altar of Kikubaaqudgha.
  6510 | D:6      | Reached **** piety under Trog
  6772 | D:6      | Found a runed door.
  6773 | D:6      | Got an ichor-stained mace
  6774 | D:6      | Identified the +5 mace "Ybae" {crush, MR+ Str+2 Int+2} (You found it on level 6 of the Dungeon)
  6880 | D:6      | Noticed Crazy Yiuf
  6886 | D:6      | Killed Crazy Yiuf
  6989 | D:6      | Got a dazzling mace
  6997 | D:6      | Identified the +8 mace of the Crushed Friends {venom, rElec rN+} (You found it on level 6 of the Dungeon)
  7204 | D:7      | Found a snail-covered altar of Cheibriados.
  7223 | D:7      | Reached skill level 11 in Axes
  7502 | D:7      | Reached ***** piety under Trog
  7733 | D:7      | Found an ornate altar of the Wu Jian Council.
  8160 | D:7      | Noticed a moth of wrath
  8163 | D:7      | Found a bloodstained altar of Trog.
  8299 | D:8      | Reached XP level 10. HP: 79/90 MP: 9/9
  8787 | D:8      | Noticed Pikel
  8797 | D:8      | Killed Pikel
  8797 | D:8      | Reached skill level 12 in Axes
  8926 | D:8      | Noticed Prince Ribbit
  8927 | D:8      | Noticed Maurice
  8937 | D:8      | Killed Maurice
  8951 | D:8      | Killed Prince Ribbit
  9288 | D:9      | Noticed sking99's ghost (novice DsMo)
  9302 | D:9      | Killed sking99's ghost
  9579 | D:9      | Noticed a two-headed ogre
  9589 | D:9      | Killed a two-headed ogre
  9589 | D:9      | Reached skill level 13 in Axes
  9785 | D:9      | Found Symoople's General Store.
  9816 | D:9      | Bought a ration for 65 gold pieces
  9816 | D:9      | Bought a scroll of identify for 26 gold pieces
  9952 | D:9      | Reached skill level 10 in Fighting
  9963 | D:9      | Reached XP level 11. HP: 99/99 MP: 10/10
 10515 | D:10     | Entered Level 10 of the Dungeon
 10699 | D:10     | Noticed Joseph
 10752 | D:10     | Killed Joseph
 10847 | D:10     | Noticed Josephine
 10864 | D:10     | Killed Josephine
 10864 | D:10     | Reached skill level 10 in Armour
 11170 | D:10     | Reached skill level 14 in Axes
 11400 | D:10     | Received a gift from Trog
 11419 | D:10     | Found a staircase to the Lair.
 11680 | D:10     | Noticed a two-headed ogre
 11692 | D:10     | Killed a two-headed ogre
 11734 | D:10     | Noticed a queen ant
 11746 | D:10     | Killed a queen ant
 12177 | D:11     | Noticed a two-headed ogre
 12187 | D:11     | Reached XP level 12. HP: 75/110 MP: 11/11
 12188 | D:11     | Killed a two-headed ogre
 12475 | D:11     | Reached skill level 15 in Axes
 12732 | D:11     | Received a gift from Trog
 13289 | Lair:1   | Entered Level 1 of the Lair of Beasts
 13468 | Lair:1   | Reached skill level 10 in Shields
 14693 | Lair:2   | Reached ****** piety under Trog
 14884 | Lair:3   | Found a staircase to the Shoals.
 15008 | Lair:3   | Got a dazzling plate armour
 15009 | Lair:3   | Identified the cursed +1 plate armour of Gehenna {rF- rN+ Int+4 SInv} (You found it on level 3 of the Lair of Beasts)
 15433 | Lair:3   | Found a staircase to the Snake Pit.
 15436 | Lair:3   | Reached skill level 16 in Axes
 15978 | Lair:3   | Received a gift from Trog
 16443 | Lair:4   | Noticed a seven-headed hydra
 16452 | Lair:4   | Killed a seven-headed hydra
 16910 | Lair:4   | Reached XP level 13. HP: 118/118 MP: 12/12
 17137 | Lair:4   | Found a sacrificial altar of Ru.
 18110 | Lair:5   | Noticed Snorg
 18119 | Lair:5   | Killed Snorg
 18338 | Lair:5   | Found a viscous altar of Jiyva.
 18338 | Lair:5   | Found a staircase to the Slime Pits.
 18486 | Lair:6   | Entered Level 6 of the Lair of Beasts
 18603 | Lair:6   | Reached skill level 17 in Axes
 19781 | Lair:6   | Mangled by a death yak

Skill      XL: |  1  2  3  4  5  6  7  8  9 10 11 12 13 |
---------------+----------------------------------------+-----
Axes           | 4 6 7 8 10 11 13 14 16 17 | 17.3
Fighting       | 4 5 6 7 8 10 11 12 13 | 13.0
Armour         | 3 4 5 7 8 9 10 12 | 12.8
Shields        | 2 4 6 8 9 11 | 11.8
Dodging        | |  2.1

Action                   |  1- 3 |  4- 6 |  7- 9 | 10-12 | 13-15 || total
-------------------------+-------+-------+-------+-------+-------++-------
Melee: Hand axe          |    67 |    80 |   213 |       |       ||   360
       Headbutt          |    11 |    22 |    94 |   161 |    41 ||   329
       War axe           |       |       |    23 |       |       ||    23
       Mace              |       |       |   114 |   310 |     4 ||   428
       Demon whip        |       |       |    46 |       |       ||    46
       Broad axe         |       |       |       |   331 |   196 ||   527
Throw: Tomahawk          |       |       |       |       |     4 ||     4
Invok: Berserk           |       |     3 |     3 |     4 |     1 ||    11
       Trog's Hand       |       |     1 |       |     5 |       ||     6
       Burn Spellbooks   |       |       |       |     1 |     1 ||     2
       Brothers in Arms  |       |       |       |       |     1 ||     1
  Use: Scroll            |       |     7 |     8 |     6 |     6 ||    27
       Potion            |       |       |       |       |     1 ||     1
 Stab: Sleeping          |       |       |     2 |       |       ||     2
       Petrifying        |       |       |       |       |     2 ||     2
       Petrified         |       |       |       |       |     1 ||     1
  Eat: Chunk             |     2 |     3 |    14 |    31 |     9 ||    59
       Ration            |       |     2 |     1 |     7 |       ||    10
Armor: Animal skin       |    12 |     7 |       |       |       ||    19
       Ring mail         |       |     5 |   129 |   165 |    49 ||   348
Dodge: Dodged            |    45 |    51 |    90 |   128 |    34 ||   348
Block: Large shield      |       |       |   250 |   521 |   142 ||   913
